Map: Abyssal Reef LE

Players

Elazer

  • Race: Zerg Zerg
  • League: Master
  • Spawn Location: 5:00

Stats - Winner!

  • Race: Protoss Protoss
  • League: Master
  • Spawn Location: 11:00

Event: HomeStory Cup XVI

VOD

Have the link to the VOD?

Description

Time

  • Played on: Nov. 11, 2017, 8:09 a.m.
  • Length: 10:14

All games in this series

Show
View Real Time Build Order
Export as new Build Order

Elazer Zerg 

Build Orders: Hatch First 

Get SALT Encoding   

  12  0:00  Drone  
  13  0:12  Overlord  
  13  0:17  Drone  
  14  0:30  Drone  
  15  0:45  Hatchery  
  15  0:49  Drone  
  15  0:52  Drone  
  15  0:56  Drone  
  17  1:12  Spawning Pool  
  17  1:15  Drone  
  17  1:17  Extractor  
  16  1:20  Drone  
  16  1:24  Drone  
  18  1:32  Drone  
  19  1:43  Drone  
  20  1:53  Drone  
  21  1:57  Drone  
  21  1:58  Queen x2  
  26  2:04  Overlord  
  26  2:07  Zergling x2  
  27  2:15  Drone  
  28  2:17  Metabolic Boost  
  28  2:22  Drone  
  29  2:26  Drone  
  30  2:30  Drone  
  31  2:41  Hatchery  
  31  2:43  Zergling x2  
  31  2:46  Drone  
  31  2:50  Overlord  
  32  2:52  Drone  
  33  3:00  Drone  
  33  3:04  Drone  
  35  3:06  Drone  
  35  3:10  Queen  
  35  3:11  Zergling x2  
  35  3:12  Zergling x2  
  40  3:13  Drone  
  41  3:22  Spore Crawler  
  41  3:25  Spore Crawler, Overlord  
  36  3:27  Drone x2  
  36  3:33  Spore Crawler, Drone  
  34  3:36  Drone  
  34  3:38  Drone  
  34  3:41  Drone x2  
  39  3:44  Drone  
  39  3:45  Drone  
  41  3:49  Drone  
  41  3:50  Drone  
  41  3:53  Drone  
  41  3:55  Drone  
  45  3:58  Drone  
  45  4:02  Overlord  
  46  4:04  Drone  
  46  4:07  Drone  
  46  4:08  Drone  
  48  4:15  Drone x3  
  50  4:19  Lair  
  50  4:21  Drone x2  
  50  4:23  Drone  
  54  4:24  Drone  
  54  4:28  Queen  
  54  4:30  Drone  
  57  4:32  Drone  
  57  4:36  Overlord  
  58  4:44  Overlord  
  57  4:49  Extractor  
  57  4:51  Drone  
  57  4:55  Overlord  
  57  4:56  Extractor, Drone x5  
  57  4:57  Overlord  
  61  5:02  Evolution Chamber  
  61  5:03  Extractor  
  61  5:05  Drone x2  
  61  5:07  Queen  
  61  5:11  Zergling x4  
  61  5:13  Overlord  
  65  5:15  Zergling x10  
  70  5:24  Overlord  
  70  5:29  Zergling x2  
  70  5:31  Drone x4  
  70  5:32  Spore Crawler  
  70  5:33  Zerg Missile Weapons Level 1  
  72  5:36  Hydralisk Den, Drone  
  72  5:37  Drone x3  
  72  5:38  Spore Crawler, Drone  
  72  5:39  Drone  
  72  5:41  Drone  
  77  5:43  Drone x2  
  77  5:45  Drone  
  77  5:46  Drone  
  81  5:50  Overlord  
  81  5:51  Drone  
  81  5:55  Overlord  
  82  5:59  Spore Crawler  
  77  6:05  Hydralisk x4  
  77  6:09  Hydralisk x2  
  85  6:16  Hydralisk x3  
  81  6:22  Spore Crawler  
  80  6:26  Drone x5  
  80  6:29  Queen  
  80  6:30  Drone  
  80  6:31  Drone  
  89  6:36  Drone  
  89  6:38  Drone  
  89  6:39  Drone  
  92  6:40  Extractor x2  
  92  6:43  Infestation Pit  
  89  6:48  Overlord  
  89  6:49  Muscular Augments  
  89  6:50  Drone x2  
  91  6:58  Spore Crawler  
  84  7:06  Hydralisk x6  
  84  7:11  Drone x3  
  84  7:15  Hydralisk x2  
  91  7:25  Queen, Hatchery  
  91  7:27  Queen  
  94  7:30  Infestor  
  94  7:32  Queen  
  94  7:36  Hydralisk  
  98  7:39  Infestor  
  98  7:42  Hydralisk  
  104  7:47  Drone x3  
  104  7:50  Hydralisk x2  
  111  7:55  Hydralisk  
  113  8:00  Drone  
  113  8:01  Overlord  
  114  8:07  Spore Crawler  
  114  8:10  Overlord  
  114  8:11  Drone  
  114  8:16  Overlord  
  114  8:21  Lurker Den  
  114  8:22  Overlord  
  113  8:29  Overlord x2, Drone  
  113  8:31  Burrow  
  114  8:36  Drone x8  
  114  8:38  Infestor x2  
  114  8:40  Hydralisk x2  
  130  8:45  Hydralisk  
  130  8:48  Overseer  
  132  8:50  Hydralisk  
  132  8:53  Overlord  
  134  8:58  Overlord  
  134  9:01  Extractor  
  133  9:08  Hydralisk  
  133  9:09  Hydralisk x4  
  143  9:11  Overlord x2  
  143  9:18  Hatchery  
  143  9:21  Hydralisk  
  143  9:22  Hydralisk x4  
  152  9:28  Overlord  
  152  9:37  Hydralisk x5  
Show
View Real Time Build Order
Export as new Build Order

Stats Protoss - Winner!

Build Orders: 1 Gate Expand, Oracle Opening, Phoenix Opening 

Get SALT Encoding   

  12  0:02  Probe (Chrono Boost)  
  14  0:14  Probe (Chrono Boost)  
  14  0:20  Pylon  
  14  0:26  Probe (Chrono Boost)  
  15  0:33  Probe (Chrono Boost)  
  15  0:42  Probe (Chrono Boost)  
  16  0:45  Gateway  
  16  0:48  Assimilator  
  17  0:54  Probe (Chrono Boost)  
  18  1:02  Probe (Chrono Boost)  
  18  1:08  Probe (Chrono Boost)  
  20  1:25  Nexus  
  20  1:35  Cybernetics Core  
  21  1:41  Probe (Chrono Boost)  
  21  1:45  Assimilator  
  21  1:53  Probe (Chrono Boost)  
  22  1:55  Pylon  
  22  2:03  Adept  
  22  2:05  Probe (Chrono Boost)  
  25  2:17  Probe (Chrono Boost)  
  25  2:19  Stargate  
  25  2:22  Adept  
  26  2:26  Warp Gate  
  26  2:29  Probe (Chrono Boost)  
  29  2:40  Probe (Chrono Boost)  
  29  2:41  Probe (Chrono Boost)  
  31  2:49  Adept  
  34  2:52  Probe (Chrono Boost)  
  34  2:53  Oracle, Probe (Chrono Boost)  
  35  3:04  Probe (Chrono Boost)  
  40  3:05  Probe (Chrono Boost)  
  40  3:16  Probe (Chrono Boost)  
  40  3:17  Pylon  
  40  3:18  Probe (Chrono Boost)  
  43  3:28  Probe (Chrono Boost)  
  43  3:30  Phoenix, Probe (Chrono Boost)  
  45  3:40  Assimilator, Probe (Chrono Boost)  
  44  3:41  Assimilator  
  44  3:42  Probe (Chrono Boost)  
  44  3:43  Gateway  
  44  3:50  Pylon  
  44  3:52  Probe (Chrono Boost)  
  44  3:54  Probe (Chrono Boost)  
  46  3:59  Stargate  
  46  4:04  Probe (Chrono Boost)  
  47  4:13  Oracle  
  47  4:15  Probe (Chrono Boost)  
  47  4:16  Probe (Chrono Boost)  
  52  4:20  Pylon  
  52  4:28  Probe (Chrono Boost)  
  52  4:29  Probe (Chrono Boost)  
  54  4:33  Oracle  
  54  4:38  Adept x2  
  57  4:40  Probe (Chrono Boost)  
  57  4:41  Probe (Chrono Boost)  
  63  4:48  Oracle  
  63  4:50  Pylon  
  63  4:56  Probe x2 (Chrono Boost)  
  63  4:59  Nexus  
  68  5:01  Pylon  
  68  5:09  Adept, Probe x2 (Chrono Boost)  
  68  5:10  Adept  
  68  5:11  Oracle  
  77  5:26  Probe (Chrono Boost)  
  77  5:27  Probe (Chrono Boost)  
  77  5:32  Oracle  
  80  5:37  Assimilator  
  80  5:39  Probe x2 (Chrono Boost)  
  80  5:41  Assimilator  
  82  5:44  Oracle  
  82  5:46  Pylon x2  
  86  5:51  Probe (Chrono Boost), Pylon  
  86  5:59  Pylon  
  86  6:00  Oracle, Pylon  
  86  6:06  Probe x2 (Chrono Boost)  
  91  6:14  Oracle, Probe (Chrono Boost), Stargate  
  91  6:18  Probe (Chrono Boost)  
  94  6:19  Probe (Chrono Boost)  
  98  6:26  Probe (Chrono Boost)  
  98  6:30  Probe (Chrono Boost)  
  98  6:31  Adept, Probe (Chrono Boost)  
  98  6:32  Adept  
  104  6:33  Oracle  
  104  6:38  Forge, Probe (Chrono Boost)  
  104  6:39  Forge  
  108  6:42  Probe (Chrono Boost)  
  108  6:43  Probe (Chrono Boost)  
  110  6:52  Protoss Ground Armor Level 1, Protoss Ground Weapons Level 1  
  110  6:53  Gateway  
  110  6:55  Gateway  
  110  6:57  Gateway  
  101  7:10  Oracle x3  
  110  7:19  Gateway  
  110  7:21  Pylon  
  110  7:23  Twilight Council  
  110  7:24  Robotics Facility  
  110  7:26  Gateway  
  110  7:35  Probe x2 (Chrono Boost), Sentry  
  110  7:36  Probe (Chrono Boost), Sentry  
  117  7:40  Gateway  
  117  7:44  Nexus  
  117  7:47  Pylon  
  117  8:02  Blink  
  117  8:05  Stalker x2  
  117  8:06  Stalker x3  
  127  8:16  Photon Cannon  
  127  8:17  Warp Prism, Shield Battery  
  129  8:26  Stalker x2, Pylon  
  133  8:30  Stalker x5  
  143  8:52  Stalker x3  
  149  9:00  Probe (Chrono Boost)  
  149  9:01  Probe x3 (Chrono Boost)  
  153  9:02  Stalker  
  153  9:03  Stalker x3  
  153  9:06  Stalker  
  163  9:13  Pylon  
  163  9:14  Probe x4 (Chrono Boost)  
  163  9:15  Pylon  
  167  9:22  Stalker x2  
  169  9:40  Stalker x4  
  169  9:41  Stalker x2  
  175  9:46  Templar Archives  
  175  9:51  Stalker x2  
  175  10:05  Stalker x3  
  169  10:10  Stalker  
Tags
 
Add a new tag
Caveats
  • Supply blocks, unpowered buildings, or Contaminate may cause inaccurate times.
  • Supply counts are checked every 10 seconds.